Map: Aura de mort EC

Players

dieg - Winner!

  • Race: Protoss Protoss
  • League: Platinum
  • Spawn Location: 11:00

Shifty

  • Race: Zerg Zerg
  • League: Platinum
  • Spawn Location: 5:00

VOD

Have the link to the VOD?

Description

Time

  • Played on: Oct. 25, 2020, 5:16 a.m.
  • Length: 8:49
Show
View Real Time Build Order
Export as new Build Order

dieg Protoss - Winner!

Build Orders: 1 Gate Expand 

Get SALT Encoding   

  12  0:00  Probe  
  13  0:12  Probe  
  14  0:22  Pylon  
  14  0:24  Probe  
  15  0:40  Probe (Chrono Boost)  
  16  0:43  Gateway  
  16  0:48  Assimilator  
  17  0:51  Probe (Chrono Boost)  
  17  0:56  Probe (Chrono Boost)  
  18  1:06  Probe (Chrono Boost)  
  20  1:18  Probe (Chrono Boost)  
  20  1:26  Probe (Chrono Boost)  
  21  1:34  Cybernetics Core  
  21  1:41  Nexus  
  21  1:55  Probe  
  21  1:59  Assimilator  
  22  2:03  Pylon  
  22  2:16  Warp Gate  
  22  2:21  Adept  
  24  2:36  Probe  
  24  2:48  Twilight Council  
  24  2:49  Probe (Chrono Boost)  
  25  2:51  Pylon, Adept  
  25  2:56  Probe (Chrono Boost)  
  28  3:01  Probe (Chrono Boost)  
  30  3:06  Probe (Chrono Boost), Gateway  
  30  3:08  Probe (Chrono Boost)  
  30  3:09  Robotics Facility  
  30  3:11  Probe (Chrono Boost)  
  32  3:22  Resonating Glaives (Chrono Boost)  
  32  3:24  Pylon  
  32  3:26  Probe  
  33  3:35  Probe  
  34  3:45  Gateway  
  34  3:47  Gateway  
  34  3:53  Warp Prism (Chrono Boost)  
  36  4:05  Adept  
  36  4:07  Adept  
  36  4:09  Probe x2  
  42  4:19  Assimilator  
  42  4:21  Probe, Assimilator  
  42  4:23  Pylon  
  43  4:34  Probe  
  44  4:40  Shield Battery  
  44  4:41  Stargate  
  44  4:43  Observer  
  45  4:50  Charge (Chrono Boost)  
  45  4:58  Adept x3  
  45  4:59  Adept  
  53  5:25  Adept x3  
  53  5:26  Adept  
  51  5:44  Probe x2, Gateway  
  51  5:45  Templar Archives, Immortal  
  51  5:46  Gateway  
  57  6:03  Adept x3  
  57  6:04  Adept  
  63  6:15  Oracle  
  62  6:28  Zealot, Adept x2  
  62  6:29  Zealot  
  62  6:43  Immortal  
  62  6:46  Adept x2  
  68  6:47  Zealot  
  70  6:55  Pylon  
  70  7:00  Pylon  
  68  7:01  Adept  
  68  7:13  Stalker x4  
  68  7:25  Adept x2  
  68  7:36  Zealot x3  
  68  7:37  Zealot  
  74  7:48  Immortal  
  64  7:58  Zealot  
  64  7:59  Zealot  
  64  8:00  Adept  
  64  8:03  Probe x2  
  60  8:25  Adept x3  
  60  8:26  Adept x2  
  68  8:37  Adept  
Show
View Real Time Build Order
Export as new Build Order

Shifty Zerg 

Build Orders: Hatch First 

Get SALT Encoding   

  12  0:12  Drone, Overlord  
  13  0:16  Drone  
  14  0:34  Drone x2  
  16  0:50  Hatchery  
  16  0:52  Drone  
  16  0:57  Drone  
  17  1:11  Spawning Pool  
  17  1:14  Drone  
  17  1:20  Drone  
  18  1:29  Drone  
  19  1:38  Drone  
  20  1:41  Extractor  
  19  1:48  Drone  
  20  1:59  Queen  
  22  2:01  Overlord  
  22  2:04  Zergling x2  
  22  2:06  Queen  
  25  2:15  Drone  
  26  2:16  Drone  
  27  2:29  Drone  
  29  2:30  Drone  
  29  2:40  Drone x2  
  29  2:41  Queen  
  33  2:55  Drone x3  
  33  2:56  Overlord  
  36  3:08  Hatchery  
  36  3:10  Lair  
  36  3:12  Drone  
  36  3:14  Overlord x2  
  36  3:24  Drone x4  
  36  3:25  Drone  
  41  3:29  Drone x2  
  43  3:37  Drone  
  44  3:42  Drone  
  44  3:43  Drone  
  44  3:44  Roach Warren  
  44  3:45  Evolution Chamber  
  44  3:49  Drone x2  
  44  3:54  Drone x4  
  50  3:57  Overlord  
  50  4:04  Drone  
  51  4:12  Drone x2, Extractor x2  
  51  4:15  Zerg Missile Weapons Level 1  
  51  4:17  Drone  
  52  4:24  Overseer  
  52  4:26  Roach x2  
  56  4:44  Drone x2  
  56  4:45  Drone x8  
  65  4:48  Spore Crawler  
  65  4:52  Drone  
  66  4:56  Roach x3  
  66  4:57  Roach  
  74  5:04  Spore Crawler  
  73  5:11  Drone  
  71  5:18  Roach  
  72  5:23  Drone  
  72  5:24  Roach  
  72  5:26  Roach  
  72  5:27  Drone x3  
  73  5:32  Drone x2, Roach  
  72  5:36  Overlord x4  
  72  5:37  Overlord  
  68  5:44  Roach x3  
  68  5:49  Roach x2  
  72  5:53  Drone  
  71  5:57  Hatchery  
  70  6:10  Drone x6  
  70  6:11  Drone x2, Queen  
  72  6:12  Queen  
  72  6:14  Queen  
  72  6:16  Spine Crawler  
  67  6:19  Roach x2  
  67  6:20  Roach x2  
  73  6:28  Drone x2, Roach  
  73  6:31  Drone  
  75  6:34  Spine Crawler  
  75  6:37  Spine Crawler  
  66  6:42  Drone, Roach x3  
  66  6:44  Roach  
  69  6:49  Drone x2  
  67  6:57  Roach x2  
  67  7:07  Drone x2, Roach  
  67  7:12  Roach x2  
  71  7:18  Drone, Roach  
  66  7:23  Roach x2  
  66  7:24  Roach  
  66  7:27  Roach  
  67  7:37  Drone, Roach x3  
  73  7:45  Drone, Roach  
  73  7:46  Drone x2  
  73  7:50  Queen  
  72  7:51  Queen, Hatchery  
  72  7:58  Roach x2  
  73  8:07  Drone, Roach x3  
  73  8:09  Roach  
  82  8:16  Drone x2, Roach  
  82  8:18  Drone x2  
  88  8:26  Drone, Roach  
Tags
 
Add a new tag
Caveats
  • Supply blocks, unpowered buildings, or Contaminate may cause inaccurate times.
  • Supply counts are checked every 10 seconds.